Map: Neon Violet Square LE

Players

MingA

  • Race: Zerg Zerg
  • League: Diamond
  • Spawn Location: 5:00

Dauntless - Winner!

  • Race: Zerg Zerg
  • League: Diamond
  • Spawn Location: 11:00

VOD

Have the link to the VOD?

Description

Time

  • Played on: Nov. 28, 2017, 5:39 p.m.
  • Length: 3:23
Show
View Real Time Build Order
Export as new Build Order

MingA Zerg 

Build Orders: Pool Only 

Get SALT Encoding   

  12  0:19  Spawning Pool  
  11  0:31  Drone x3  
  14  0:46  Overlord  
  14  1:06  Zergling x4  
  16  1:14  Zergling x2  
  17  1:29  Zergling x2  
  18  1:35  Zergling x2  
  19  1:47  Zergling x2  
  20  1:58  Zergling x2  
  21  2:12  Spine Crawler  
Show
View Real Time Build Order
Export as new Build Order

Dauntless Zerg - Winner!

Build Orders: 3 Hatch before Pool 

Get SALT Encoding   

  12  0:01  Drone  
  13  0:13  Overlord  
  13  0:18  Drone  
  14  0:32  Drone x2  
  14  0:35  Drone  
  17  0:45  Drone  
  18  0:58  Hatchery  
  18  1:00  Drone  
  18  1:22  Hatchery  
  18  1:24  Drone  
  18  1:38  Spawning Pool  
  17  1:40  Drone  
  17  1:43  Drone  
  19  1:47  Drone  
  19  1:52  Drone  
  21  2:02  Overlord  
  22  2:24  Queen  
  22  2:25  Queen  
  22  2:27  Zergling x8  
  30  2:34  Spine Crawler  
Tags
 
Add a new tag
Caveats
  • Supply blocks, unpowered buildings, or Contaminate may cause inaccurate times.
  • Supply counts are checked every 10 seconds.